 Dungeon Crawl Stone Soup version 0.27.0-1-g7a089689b8 (webtiles) character file.

Game seed: 14244878503850734810

162150 ZombieSheep the Whirler (level 17, -4/91 HPs)
             Began as a Spriggan Hunter on Aug 8, 2021.
             Was the Champion of Okawaru.
             Killed by divine providence
             ... invoked by Saint Roka
              (14 damage)
             ... on level 4 of the Snake Pit.
             The game lasted 02:25:19 (56517 turns).

ZombieSheep the Whirler (Spriggan Hunter)          Turns: 56517, Time: 02:25:20

Health: -4/91      AC: 15    Str: 10    XL:     17   Next: 21%
Magic:  21/32      EV: 37    Int: 12    God:    Okawaru [******]
Gold:   2881       SH: 15    Dex: 21    Spells: 16/16 levels left

rFire    + . .     SeeInvis +   a - +3 fustibalus (freeze)
rCold    + + +     Faith    .   u - +0 buckler
rNeg     . . .     Spirit   .   s - +7 steam dragon scales of Xithraogi {rPois rF- rC+++ MP+9}
rPois    +         Reflect  +   l - +1 hat {Stlth+}
rElec    .         Harm     .   k - scarf {repulsion}
rCorr    .         Rampage  .   (gloves unavailable)
Will     +++..                  (boots unavailable)
Stlth    ++++++++..             c - amulet of reflection
HPRegen  0.25/turn              Y - ring of willpower
MPRegen  0.23/turn              H - ring of protection from fire

@: heroic, finesse-ful, repel missiles, very quick
A: very small, no large weapons, unfitting armour, see invisible, speed 3,
antennae 1, fire resistance 1, low mp 1, poison resistance, evolution 1,
MP-powered wands
a: Renounce Religion, Heroism, Finesse


You were on level 4 of the Snake Pit.
You worshipped Okawaru.
Okawaru was exalted by your worship.
You visited 4 branches of the dungeon, and saw 27 of its levels.
You also visited: Sewer.

You collected 4353 gold pieces.
You spent 1472 gold pieces at shops.

Inventory:

Hand Weapons
 a - a +3 fustibalus of freezing (weapon)
 b - a +2 vampiric quick blade
 g - a +1 mace of protection
 P - a +2 rapier of venom
 R - a +2 hunting sling of flaming
Missiles
 d - 43 sling bullets (quivered ammo)
 e - 270 stones
 G - 3 throwing nets
Armour
 k - a scarf of repulsion (worn)
 l - a +1 hat of stealth (worn)
 s - the +7 steam dragon scales of Xithraogi (worn) {rPois rF- rC+++ MP+9}
   (Okawaru gifted it to you on level 3 of the Snake Pit)

   rF:        It makes you vulnerable to fire.
   rC:        It renders you almost immune to cold.
   rPois:     It protects you from poison.
   MP:        It affects your magic capacity (+9).
 u - a +0 buckler (worn)
 v - a +0 troll leather armour
 T - +0 steam dragon scales
 U - a scarf of resistance
Jewellery
 c - an amulet of reflection (around neck)
 H - a ring of protection from fire (right hand)
 O - a ring of poison resistance
 V - an amulet of guardian spirit
 W - a +6 ring of dexterity
 Y - a ring of willpower (left hand)
Wands
 m - a wand of iceblast (12)
 A - a wand of flame (90)
 C - a wand of acid (9)
 I - a wand of digging (14)
 K - a wand of paralysis (9)
 M - a wand of mindburst (21)
 X - a wand of polymorph (17)
Scrolls
 f - 16 scrolls of teleportation
 j - 6 scrolls of amnesia
 o - 6 scrolls of holy word
 x - 4 scrolls of fog
 y - 3 scrolls of blinking
 F - 4 scrolls of enchant armour
 J - a scroll of magic mapping
 N - a scroll of fear
Potions
 h - 2 potions of might
 i - 3 potions of berserk rage
 n - 8 potions of haste
 p - 2 potions of cancellation
 r - 5 potions of magic
 t - 5 potions of mutation
 w - 10 potions of curing
 z - 8 potions of brilliance
 B - 6 potions of lignification
 D - a potion of invisibility {unknown}
 L - a potion of flight
 Q - 5 potions of attraction
 S - 2 potions of ambrosia


   Skills:
 + Level 11.3(16.3) Fighting
 + Level 14.0(19.0) Short Blades
 - Level 15.8(20.8) Slings
 + Level 5.0(10.0) Armour
 - Level 15.5(20.5) Dodging
 + Level 12.1(17.1) Stealth
 - Level 7.3(12.3) Shields
 - Level 10.4 Invocations
 - Level 10.1 Evocations


You had 16 spell levels left.
You didn't know any spells.
Your spell library contained the following spells:

 Spells                   Type           Power      Damage    Failure   Level
 Corona                   Hex            0%         N/A       32%         1
 Magic Dart               Conj           0%         1d3       32%         1
 Blink                    Tloc           N/A        N/A       45%         2
 Call Imp                 Summ           0%         N/A       45%         2
 Slow                     Hex            0%         N/A       45%         2
 Static Discharge         Conj/Air       0%         N/A       45%         2
 Frozen Ramparts          Ice            0%         1d2       69%         3
 Gell's Gravitas          Tloc           0%         N/A       69%         3
 Lesser Beckoning         Tloc           0%         N/A       69%         3
 Mephitic Cloud           Conj/Pois/Air  0%         N/A       69%         3
 Teleport Other           Tloc           0%         N/A       69%         3
 Tukima's Dance           Hex            0%         N/A       69%         3
 Airstrike                Air            0%         N/A       97%         4
 Fulminant Prism          Conj/Hex       0%         3d6       97%         4
 Hailstorm                Conj/Ice       0%         3d3       97%         4
 Ice Form                 Ice/Tmut       0%         N/A       97%         4
 Iskenderun's Mystic Bla  Conj/Tloc      0%         2d3       97%         4
 Passage of Golubria      Tloc           N/A        N/A       97%         4
 Summon Ice Beast         Ice/Summ       0%         N/A       97%         4
 Summon Lightning Spire   Summ/Air       0%         N/A       97%         4
 Lee's Rapid Deconstruct  Erth           0%         3d5*      100%        5
 Lightning Bolt           Conj/Air       0%         1d11      100%        5
 Manifold Assault         Tloc           0%         N/A       100%        5
 Silence                  Hex/Air        0%         N/A       100%        5
 Yara's Violent Unravell  Hex/Tmut       0%         3d3       100%        5
 Simulacrum               Ice/Necr       0%         N/A       100%        6
 Storm Form               Tmut/Air       0%         N/A       100%        7
 Lehudib's Crystal Spear  Conj/Erth      0%         10d2      100%        8
 Chain Lightning          Conj/Air       0%         N/A       100%        9


Dungeon Overview and Level Annotations

Branches:
Dungeon (15/15)            Temple (0/1) D:5            Lair (6/6) D:10
 Shoals (0/4) Lair:4        Snake (4/4) Lair:2        Slime (0/5) Lair:6
    Orc (2/2) D:12            Elf (0/3) Orc:2        Vaults (0/5) D:13
 Depths (0/5) D:15          Sewer (visited)

Altars:
Ashenzari
Cheibriados
Dithmenos
Elyvilon
Fedhas
Hepliaklqana
Okawaru
Trog
Uskayaw
Vehumet
Wu Jian
Xom
Yredelemnul
Jiyva

Shops:
D:6 *   Orc:1 *   Orc:2 :*[[   Snake:2 [=!?

Annotations:
D:6 1 runed translucent door, snetch's ghost, novice MiBe
D:7 2 transporters, karlwayne's ghost, novice HOFi
Lair:1 1 runed translucent door
Lair:6 1 runed translucent door, mainiacjoe's ghost, journeyman MfBe
Snake:4 Saint Roka


Innate Abilities, Weirdness & Mutations

You are very small and have problems with some larger weapons.
You are too small for most types of armour.
You have supernaturally acute eyesight. (SInv)
You cover ground extremely quickly. (Speed+++)
You have a pair of small antennae on your head.
Your flesh is heat resistant. (rF+)
Your magical capacity is low. (-10% MP)
Your system is resistant to poisons. (rPois)
You evolve.
You expend magic power (3 MP) to strengthen your wands.


Message History

Saint Roka is severely wounded.
Saint Roka calls down the wrath of Beogh upon you.
Beogh smites you!
* * * LOW HITPOINT WARNING * * *
Fire: 46 sling bullets
Press: ? - help, Q - select action, (/) - cycle Shift-Dir - straight line, f/p - Saint Roka
Aim: Saint Roka, wielding a +0 arbalest, wearing a +0 plate armour and quivering bolts (severely wounded, 82% to hit)
You shoot a sling bullet. The sling bullet hits Saint Roka.
The sling bullet freezes Saint Roka.
Saint Roka is severely wounded.
Fire: 45 sling bullets
Press: ? - help, Q - select action, (/) - cycle Shift-Dir - straight line, f/p - Saint Roka
Aim: Saint Roka, wielding a +0 arbalest, wearing a +0 plate armour and quivering bolts (severely wounded, 82% to hit)
You shoot a sling bullet.
The sling bullet hits Saint Roka but does no damage.
Saint Roka is severely wounded.
Fire: 44 sling bullets
Press: ? - help, Q - select action, (/) - cycle Shift-Dir - straight line, f/p - Saint Roka
Aim: Saint Roka, wielding a +0 arbalest, wearing a +0 plate armour and quivering bolts (severely wounded, 82% to hit)
You shoot a sling bullet. The sling bullet hits Saint Roka!
The sling bullet freezes Saint Roka.
Saint Roka is severely wounded.
Saint Roka invokes the aid of Beogh against you.
Beogh smites you!
* * * LOW HITPOINT WARNING * * *
Aiming: Iceblast
Press: ? - help, Shift-Dir - straight line, f/p - Saint Roka
Aim: Saint Roka, wielding a +0 arbalest, wearing a +0 plate armour and quivering bolts (severely wounded)
You feel a surge of power!
The mass of ice explodes!
The iceblast engulfs Saint Roka.
Saint Roka is severely wounded.
Aiming: Iceblast
Press: ? - help, Shift-Dir - straight line, f/p - Saint Roka
Aim: Saint Roka, wielding a +0 arbalest, wearing a +0 plate armour and quivering bolts (severely wounded)
You feel a surge of power!
The mass of ice explodes!
The iceblast engulfs Saint Roka!!
Saint Roka is almost dead.
Saint Roka calls down the wrath of Beogh upon you.
Beogh smites you!
You die...

............ .....#######
.[..############# #
....##.(........# .#
....##..........# ..#
....##..[####...## #..##..#
.##.##.)######...####...##..#
..#(##..##..##[.........##..#
..(.##..##..##..@...o(((##..##
.(.(##[.##..##..#....#####...###
....#...##..##..##..#####......##
.....[.(##..##..##..##.....##....
)##....(##..##..##..##......#.##.
.[[..#####..##.[##..##...#.......
.[#(#####....#..##:.##..##.(.....
...)##..........##..##..##.......
....##..........##..##..##.......


You could see Saint Roka.

Vanquished Creatures
  Vashnia (Snake:3)
  Rupert (D:13)
  Jorgrun (D:12)
  A nagaraja (Snake:3)
  An orc warlord (D:12)
  Nessos (D:13)
  2 fire dragons
  9 boulder beetles
  4 salamander tyrants
  An ice dragon (D:15)
  5 naga warriors
  11 hydras
  5 anacondas
  2 centaur warriors (D:15)
  5 orc high priests (Orc:2)
  2 tengu warriors
  9 two-headed ogres
  11 death yaks
  Sonja (D:11)
  8 naga sharpshooters
  3 salamander mystics
  6 shock serpents
  5 skeletal warriors (D:12)
  A sea snake (Lair:2)
  4 naga ritualists
  2 wizards
  Pikel (D:7)
  10 orc knights
  4 orc sorcerers
  A deep elf pyromancer (D:12)
  8 mana vipers
  A lindwurm (Lair:6)
  3 ugly things (D:15)
  31 salamanders
  3 cyclopes
  2 guardian serpents
  6 elephants (Lair:6)
  12 cane toads
  10 naga magi
  40 black mambas
  2 molten gargoyles (Lair:6)
  2 torpor snails
  An unseen horror (D:12)
  15 komodo dragons
  An efreet (D:13)
  A yaktaur (D:15)
  3 rime drakes
  A tengu conjurer (D:15)
  9 trolls
  2 polar bears
  Prince Ribbit (D:7)
  9 blink frogs
  2 hornets
  11 dream sheep
  11 slime creatures
  A raiju (shapeshifter) (D:15)
  A centaur simulacrum (D:15)
  A wraith (D:6)
  A redback (shapeshifter) (D:15)
  5 water elementals (D:15)
  A shadow (D:11)
  6 wyverns
  22 yaks
  A vampire (D:13)
  16 humans (D:13)
  4 steam dragons
  Grum (D:11)
  9 basilisks
  11 vampire mosquitoes
  4 wargs
  3 acid dragons
  26 nagas
  4 hell hounds (Lair:6)
  10 water moccasins
  48 orc warriors
  A sky beast (D:4)
  2 ice beasts
  3 black bears
  A necrophage (D:4)
  11 ogres
  14 centaurs
  7 wolves
  2 lemures (D:7)
  Blork the orc (D:7)
  6 bullfrogs
  A gnoll sergeant (D:7)
  2 scorpions
  A wyvern skeleton (D:7)
  2 electric eels (D:15)
  17 killer bees
  11 wights
  2 howler monkeys
  2 centaur zombies (D:9)
  8 lava snakes
  2 hounds
  41 orc priests
  A gnoll shaman (Orc:1)
  2 jellies
  A scorpion zombie (D:5)
  2 iguanas
  19 orc wizards
  2 hound skeletons
  A howler monkey skeleton (D:5)
  5 gnolls
  12 adders
  6 river rats (Sewer)
  A shadow imp (D:6)
  A white imp (D:7)
  4 worms (D:2)
  87 orcs
  6 endoplasms
  3 giant cockroaches
  4 goblins
  6 hobgoblins
  7 jackals
  3 quokkas
  11 ball pythons
  5 bats
  3 frilled lizards
  24 kobolds
  25 rats
858 creatures vanquished.

Vanquished Creatures (others)
  Donald (Snake:4)
  A salamander (Snake:2)
  A black mamba (Lair:6)
  39 fungi
  56 plants
  8 toadstools (Lair:1)
  2 withered plants (D:6)
108 creatures vanquished.

Grand Total: 966 creatures vanquished

Notes
Turn   | Place    | Note
-------+----------+-------------------------------------------
     0 | D:1      | ZombieSheep the Spriggan Hunter began the quest for the
                  | Orb.
     0 | D:1      | Reached XP level 1. HP: 10/10 MP: 2/2
    98 | D:1      | Found a faded altar of an unknown god.
   135 | D:1      | Reached skill level 5 in Slings
   223 | D:1      | Reached XP level 2. HP: 11/15 MP: 3/3
  1078 | D:1      | Reached skill level 1 in Short Blades
  1078 | D:1      | Reached XP level 3. HP: 18/18 MP: 4/4
  1379 | D:2      | Reached XP level 4. HP: 17/23 MP: 5/5
  3000 | D:3      | Found a shadowy altar of Dithmenos.
  3179 | D:3      | Found an iron altar of Okawaru.
  3190 | D:3      | Became a worshipper of Warmaster Okawaru
  3245 | D:3      | Reached XP level 5. HP: 27/27 MP: 6/6
  3283 | D:3      | Found a glowing drain.
  3288 | Sewer    | Entered a sewer
  3577 | Sewer    | Reached skill level 1 in Invocations
  3983 | Sewer    | Reached XP level 6. HP: 32/32 MP: 8/8
  4907 | D:4      | Noticed a sky beast
  4972 | D:4      | Killed a sky beast
  4973 | D:4      | Reached skill level 5 in Dodging
  5120 | D:4      | Identified the +4 whip "Pugodesi" {drain, rF- rN+++ MP+9
                  | Str+3}
  5287 | D:4      | Reached * piety under Okawaru
  5397 | D:4      | Reached XP level 7. HP: 27/35 MP: 8/10
  5804 | D:4      | Found a snail-covered altar of Cheibriados.
  5804 | D:4      | Found a shimmering altar of Xom.
  5840 | D:4      | Found a hide-covered altar of Uskayaw.
  5840 | D:4      | Found a radiant altar of Vehumet.
  5841 | D:4      | Found a blossoming altar of Fedhas.
  5843 | D:4      | Found a broken altar of Ashenzari.
  6065 | D:5      | Entered Level 5 of the Dungeon
  6473 | D:5      | Found a staircase to the Ecumenical Temple.
  7216 | D:6      | Reached ** piety under Okawaru
  7362 | D:6      | Reached XP level 8. HP: 39/39 MP: 12/12
  7983 | D:6      | Found Doleat's Neck Hole.
  8423 | D:6      | Found a runed translucent door.
  8424 | D:6      | Noticed snetch's ghost (novice MiBe)
  8637 | D:6      | Reached *** piety under Okawaru
  8638 | D:6      | Reached skill level 5 in Invocations
  9101 | D:7      | Found a bloodstained altar of Trog.
  9158 | D:7      | Noticed Pikel
  9540 | D:7      | Noticed Prince Ribbit
  9709 | D:7      | Killed Prince Ribbit
  9851 | D:7      | Reached XP level 9. HP: 44/44 MP: 14/14
 10027 | D:7      | Killed Pikel
 10437 | D:7      | Noticed Blork the orc
 10463 | D:7      | Killed Blork the orc
 10881 | D:7      | Found a transporter.
 10886 | D:7      | Noticed karlwayne's ghost (novice HOFi)
 10984 | D:7      | Noticed a moth of wrath
 11011 | D:7      | Found a transporter.
 11703 | D:8      | Found a basalt altar of Yredelemnul.
 11777 | D:8      | Reached skill level 5 in Short Blades
 11777 | D:8      | Reached skill level 10 in Slings
 11845 | D:8      | Reached **** piety under Okawaru
 12180 | D:8      | HP: 2/44 [acid (10)]
 12542 | D:8      | Found a white marble altar of Elyvilon.
 12679 | D:8      | Reached XP level 10. HP: 49/49 MP: 16/16
 12749 | D:8      | Identified the +2 chain mail "Yhaixet" {rF+ rCorr}
 13161 | D:8      | Received a gift from Okawaru
 13955 | D:9      | Paralysed by a hornet for 2 turns
 14148 | D:8      | Reached skill level 10 in Dodging
 15678 | D:9      | Reached skill level 5 in Fighting
 16147 | D:10     | Entered Level 10 of the Dungeon
 16388 | D:10     | Found a staircase to the Lair.
 16607 | D:10     | Received a gift from Okawaru
 16974 | D:10     | Found an ornate altar of the Wu Jian Council.
 17359 | D:10     | Noticed a boulder beetle
 17373 | D:10     | Killed a boulder beetle
 17373 | D:10     | Reached ***** piety under Okawaru
 17374 | D:10     | Reached XP level 11. HP: 25/56 MP: 17/17
 18427 | Lair:1   | Entered Level 1 of the Lair of Beasts
 18887 | D:10     | Reached skill level 1 in Evocations
 19306 | Lair:1   | Received a gift from Okawaru
 19548 | Lair:1   | Noticed an eight-headed hydra
 19557 | Lair:1   | Killed an eight-headed hydra
 19663 | Lair:1   | Noticed a catoblepas
 19663 | Lair:1   | Noticed a dire elephant
 19683 | Lair:1   | Found a runed translucent door.
 19877 | Lair:1   | Reached skill level 1 in Shields
 20889 | Lair:2   | Received a gift from Okawaru
 20981 | Lair:2   | Received a gift from Okawaru
 21245 | Lair:2   | Got the Grimoire of Flight and Bewitchment
 21255 | Lair:2   | Found a staircase to the Snake Pit.
 22051 | Lair:3   | Reached skill level 5 in Shields
 22078 | Lair:3   | Received a gift from Okawaru
 22380 | Lair:3   | Reached ****** piety under Okawaru
 22822 | Lair:3   | Received a gift from Okawaru
 23798 | Lair:4   | Noticed a boulder beetle
 23798 | Lair:4   | Noticed a death yak
 23798 | Lair:4   | Noticed a death yak
 23798 | Lair:4   | Noticed a death yak
 23888 | Lair:3   | Killed a death yak
 23889 | Lair:3   | Reached XP level 12. HP: 60/60 MP: 19/19
 23977 | Lair:4   | Noticed a death yak
 23977 | Lair:4   | Noticed a death yak
 24059 | Lair:3   | Killed a death yak
 24454 | Lair:4   | Received a gift from Okawaru
 24629 | Lair:3   | Killed a death yak
 24847 | Lair:3   | Killed a death yak
 24847 | Lair:3   | Received a gift from Okawaru
 24989 | Lair:3   | Killed a boulder beetle
 25286 | Lair:4   | Noticed an eight-headed hydra
 25318 | Lair:4   | Killed an eight-headed hydra
 25448 | Lair:4   | Noticed a boulder beetle
 25467 | Lair:4   | Killed a boulder beetle
 25521 | Lair:4   | Identified the +8 battleaxe "Ficworuq" {vamp, +Rage Int+4}
 25574 | Lair:4   | Found a staircase to the Shoals.
 25712 | Lair:4   | Killed a death yak
 25957 | Lair:4   | Received a gift from Okawaru
 26589 | Lair:5   | Noticed a six-headed hydra
 26598 | Lair:5   | Killed a six-headed hydra
 26749 | Lair:5   | Received a gift from Okawaru
 27398 | Lair:5   | Reached XP level 13. HP: 60/66 MP: 21/21
 27714 | Lair:6   | Entered Level 6 of the Lair of Beasts
 28178 | Lair:6   | Received a gift from Okawaru
 29888 | Lair:6   | Reached skill level 10 in Invocations
 30561 | Lair:6   | Received a gift from Okawaru
 30897 | Lair:6   | Received a gift from Okawaru
 31031 | Lair:6   | Found a staircase to the Slime Pits.
 31031 | Lair:6   | Found a viscous altar of Jiyva.
 31857 | Lair:6   | Noticed a fire dragon
 31860 | Lair:6   | Found a large runed translucent door.
 31862 | Lair:6   | Found a large runed translucent door.
 31900 | Lair:6   | Reached skill level 5 in Evocations
 32876 | Lair:6   | Found a runed translucent door.
 32876 | Lair:6   | Noticed a dire elephant
 32876 | Lair:6   | Noticed mainiacjoe's ghost (journeyman MfBe)
 33561 | D:6      | Bought a scarf of resistance for 384 gold pieces
 33573 | D:6      | Bought an amulet of reflection for 360 gold pieces
 33751 | D:10     | Reached skill level 10 in Short Blades
 33969 | D:11     | Received a gift from Okawaru
 34216 | D:11     | Reached XP level 14. HP: 43/73 MP: 20/22
 34570 | D:11     | Noticed Sonja
 34589 | D:11     | Killed Sonja
 34687 | D:11     | Noticed Grum
 34711 | D:11     | Killed Grum
 35057 | D:11     | Received a gift from Okawaru
 35128 | D:11     | Received a gift from Okawaru
 35338 | D:11     | You fall into a shaft and drop 1 floor!
 35339 | D:12     | Noticed Jorgrun
 35372 | D:12     | Killed Jorgrun
 36416 | D:12     | Found a staircase to the Orcish Mines.
 37628 | D:12     | Found a hazy altar of Hepliaklqana.
 37681 | D:12     | You fall into a shaft and drop 2 floors!
 38234 | D:13     | Noticed Rupert
 38264 | D:12     | Identified a scroll of acquirement
 38264 | D:12     | Acquired 1172 gold pieces
 38638 | D:13     | Killed Rupert
 38784 | D:13     | Found a broken altar of Ashenzari.
 39119 | D:13     | Received a gift from Okawaru
 39126 | D:13     | Noticed Nessos
 39137 | D:13     | Killed Nessos
 39575 | D:13     | Found a gate to the Vaults.
 40331 | D:14     | Reached XP level 15. HP: 79/79 MP: 23/23
 40399 | D:14     | Reached skill level 15 in Dodging
 40888 | D:15     | Entered Level 15 of the Dungeon
 41670 | D:15     | Received a gift from Okawaru
 43641 | D:15     | Found a staircase to the Depths.
 44194 | Orc:1    | Entered Level 1 of the Orcish Mines
 44481 | D:12     | Reached skill level 10 in Evocations
 44718 | Orc:1    | Noticed an orc warlord
 45293 | D:12     | Killed an orc warlord
 46096 | Orc:1    | Found Jymu's Gadget Gallery.
 46184 | Orc:2    | Entered Level 2 of the Orcish Mines
 46223 | Orc:2    | Received a gift from Okawaru
 46471 | Orc:2    | Found Cuin Lesh's General Store.
 46539 | Orc:2    | Found a staircase to the Elven Halls.
 46573 | Orc:2    | Reached skill level 5 in Stealth
 47196 | Orc:2    | Reached skill level 15 in Slings
 47692 | Orc:2    | Received a gift from Okawaru
 48123 | Orc:2    | Received a gift from Okawaru
 48152 | Orc:2    | Gained mutation: Your flesh is heat resistant. (rF+) [a
                  | neqoxec]
 48174 | Orc:2    | Gained mutation: You occasionally shout uncontrollably at
                  | your foes. [a neqoxec]
 48182 | Orc:2    | Reached skill level 10 in Fighting
 48326 | Orc:2    | Found Masot's Antique Armour Boutique.
 48326 | Orc:2    | Found Fepuappe's Antique Armour Boutique.
 48327 | Orc:2    | Found Wuss's Book Boutique.
 48327 | Orc:2    | Found Jibiulemn's Book Shop.
 48611 | Orc:2    | Bought a potion of mutation for 120 gold pieces
 48611 | Orc:2    | Lost mutation: Your flesh is heat resistant. (rF+) [potion
                  | of mutation]
 48611 | Orc:2    | Gained mutation: You sometimes lose the ability to read
                  | scrolls when taking damage. [potion of mutation]
 48611 | Orc:2    | Gained mutation: Your system is resistant to poisons.
                  | (rPois) [potion of mutation]
 48611 | Orc:2    | Gained mutation: You evolve. [potion of mutation]
 49126 | Lair:6   | Identified the +1 robe of Upsi {rC+ Str+6}
 49129 | Lair:6   | Lost mutation: You sometimes lose the ability to read
                  | scrolls when taking damage. [potion of mutation]
 49129 | Lair:6   | Lost mutation: You occasionally shout uncontrollably at
                  | your foes. [potion of mutation]
 49129 | Lair:6   | Gained mutation: You have a pair of small antennae on your
                  | head. [potion of mutation]
 49129 | Lair:6   | Gained mutation: Your flesh is heat resistant. (rF+)
                  | [potion of mutation]
 49384 | Snake:1  | Entered Level 1 of the Snake Pit
 49597 | Snake:1  | Reached skill level 1 in Armour
 49805 | Snake:1  | Reached XP level 16. HP: 85/85 MP: 24/24
 49941 | Snake:1  | Received a gift from Okawaru
 50387 | Snake:1  | Received a gift from Okawaru
 50401 | Snake:1  | Gained mutation: You expend magic power (3 MP) to
                  | strengthen your wands. [evolution]
 51060 | Snake:2  | Received a gift from Okawaru
 51298 | Snake:2  | Found Wis Tedgh's Magic Scroll Shoppe.
 51308 | Snake:2  | Received a gift from Okawaru
 51311 | Snake:2  | Found Ittulunki's Distillery.
 51311 | Snake:2  | Found Voloxt's Jewellery Emporium.
 51319 | Snake:2  | Found Moeg's Armour Emporium.
 51339 | Snake:2  | Bought a potion of mutation for 152 gold pieces
 51339 | Snake:2  | Bought a potion of mutation for 152 gold pieces
 51339 | Snake:2  | Bought a potion of mutation for 152 gold pieces
 51339 | Snake:2  | Bought a potion of cancellation for 152 gold pieces
 51703 | Snake:2  | Identified the +8 long sword of Lucob Teo {pain, rElec rF+
                  | Str+4 Dex-5}
 51742 | Snake:2  | Received a gift from Okawaru
 52755 | Snake:3  | Reached skill level 10 in Stealth
 53627 | Snake:3  | Identified the +1 trident of Adausan {antimagic, +Rage
                  | rPois Str+2 Dex-3}
 53665 | Snake:3  | Noticed Vashnia
 53921 | Snake:3  | Identified the +7 steam dragon scales of Xithraogi {rPois
                  | rF- rC+++ MP+9} (Okawaru gifted it to you on level 3 of the
                  | Snake Pit)
 53921 | Snake:3  | Received a gift from Okawaru
 54024 | Snake:3  | Killed Vashnia
 54025 | Snake:3  | Reached XP level 17. HP: 77/91 MP: 18/25
 54420 | Snake:4  | Entered Level 4 of the Snake Pit
 54902 | Snake:4  | Noticed Saint Roka
 55091 | Snake:3  | Gained mutation: Your magical capacity is low. (-10% MP)
                  | [evolution]
 55698 | Snake:4  | Noticed Donald
 55774 | Snake:4  | Killed Donald
 56335 | Snake:4  | Reached skill level 5 in Armour
 56517 | Snake:4  | Killed from afar by Saint Roka

Illustrated notes

Levels and vault maps discovered:
D:1:      dpeg_arrival_oval, layout_loops_corners, ebering_ecumenical_altar_hall
D:2:      minmay_general_purpose_star, layout_loops_ring, minmay_distorted
D:3:      layout_rooms, okawaru_metal_pillars_1_2,
          mainiacjoe_overflow_surrounded_room, portal_sewer_entry_e,
          serial_corexii_hall, corexii_hall_statues_s, corexii_hall_statues_i,
          minmay_tree_intersection, minmay_surrounded
D:4:      layout_gridville, minitemple, minmay_box_of_dots
D:5:      layout_rooms, minmay_temple_entry_glassed_door
D:6:      layout_basic, gammafunk_ghost_grave, nicolae_shop_sticking_my_neck_out
D:7:      layout_loops_ring, trog_three_pillars_becter,
          gammafunk_ghost_berserking_beasts, sword_in_stone, uniq_pikel,
          uniq_prince_ribbit1
D:8:      layout_loops_ring, elyvilon_altar_1, mainiacjoe_overflow_chevrons
D:9:      layout_grid_maze
D:10:     layout_layer_cave, nzn_wu_jian_contemplation, david_lair_shrubbed
D:11:     layout_grid_maze, gauntlet_entry_generic,
          hellmonk_guarded_unrand_dark_maul, uniq_sonja, uniq_grum
D:12:     layout_irregular_city, orc_0_dummy, worldfamousw_hep_ancestral_shrine,
          uniq_jorgrun
D:13:     layout_long_grid, david_vaults_3, grunt_decor_junction,
          ashenzari_altar_1, uniq_rupert, uniq_nessos
D:14:     layout_loops_ring, minmay_misc_feat_alley
D:15:     grunt_enter_depths_hoard, layout_basic
Lair:1:   gammafunk_lair_enchanted_lake, layout_regular_city
Lair:2:   wander_river, layout_gridlike, dummy_snake_entry
Lair:3:   layout_layer_cave, grunt_megastairs_1, serial_bayou_shore_b,
          infiniplex_staircase_pool_2
Lair:4:   layout_regular_city, shoals_dummy_entry
Lair:5:   layout_loops_ring
Lair:6:   cheibrodos_lair_end_hotspot, layout_regular_city, slime_altar_1,
          ebering_ghost_inner_flame, serial_bayou_shore_b
Snake:1:  layout_chambers, st_stairs_12, serial_bayou_lagoon_a
Snake:2:  layout_basic, serial_bayou_shore_b, minmay_shoptagon
Snake:3:  layout_gridlike, serial_bayou_pond_e, hangedman_corner_corridor,
          serial_bayou_shore_b, uniq_vashnia
Snake:4:  hellmonk_snake_rune_quicksilver_temple, layout_onion_interference,
          nicolae_snake_gridmaze_swirls, uniq_saint_roka, uniq_donald
Orc:1:    layout_diamond_mine, nicolae_shop_gadgets
Orc:2:    st_orc_pillars, layout_caves, serial_shops, nicolae_square_shop

Skill      XL: |  1  2  3  4  5  6  7  8  9 10 11 12 13 14 15 16 17 |
---------------+----------------------------------------------------+-----
Slings         | 5 6 7 8 9 10 11 12 13 14 15 | 15.8
Dodging        | 3 4 5 7 8 9 11 12 13 14 15 | 15.5
Short Blades   | 1 2 3 5 7 8 10 11 12 13 14 | 14.0
Fighting       | 2 3 4 5 6 8 9 10 11 | 11.3
Invocations    | 1 2 4 5 6 7 8 9 10 | 10.4
Stealth        | 4 7 11 12 | 12.1
Evocations     | 3 5 9 10 | 10.1
Shields        | 6 7 |  7.3
Armour         | 1 4 5 |  5.0

Action                   |  1- 3 |  4- 6 |  7- 9 | 10-12 | 13-15 | 16-18 || total
-------------------------+-------+-------+-------+-------+-------+-------++-------
Melee: Short sword       |     5 |    45 |       |       |       |       ||    50
       Dagger            |       |     3 |    74 |   121 |       |       ||   198
       Quick blade       |       |       |       |    39 |   381 |    99 ||   519
       Rapier            |       |       |       |    24 |       |       ||    24
 Fire: Hunting sling     |    75 |   270 |   619 |  1100 |  1719 |       ||  3783
       Fustibalus        |       |       |       |       |  1591 |  1142 ||  2733
Throw: Stone             |       |       |     1 |       |       |       ||     1
Invok: Heroism           |       |       |     3 |     3 |     6 |     2 ||    14
       Finesse           |       |       |       |       |     2 |     1 ||     3
Evoke: Wand              |       |       |       |     4 |    10 |     8 ||    22
  Use: Scroll            |     3 |     8 |     4 |    10 |     9 |     2 ||    36
       Potion            |       |       |       |     3 |     5 |     4 ||    12
 Stab: Sleeping          |     1 |     2 |       |     2 |     2 |     4 ||    11
       Paralysed         |       |       |       |       |     8 |       ||     8
Armor: Robe              |     1 |    12 |    12 |    16 |     7 |       ||    48
       Steam dragon scal |       |       |       |       |    17 |    10 ||    27
       Troll leather arm |       |       |       |       |     8 |     8 ||    16
Dodge: Dodged            |    14 |    98 |   109 |   236 |   582 |   294 ||  1333
       Repelled          |       |       |       |       |       |     2 ||     2
Block: Buckler           |       |       |       |    15 |   475 |   267 ||   757
       Reflection        |       |       |       |       |    40 |    47 ||    87
